 Dungeon Sprint DCSS version 0.28.0-43-g3370ac3207 (webtiles) character file.

Game seed: 12163562412729462885

2979 boopmooplesden the Severer (level 9, -2/100 HPs)
             Began as a Minotaur Berserker on Mar 13, 2022.
             Was a High Priest of Trog.
             Succumbed to a killer bee's poison
             ... in the Dungeon (Sprint III: "The Ten Rune Challenge").
             The game lasted 00:03:25 (1821 turns).

boopmooplesden the Severer (Minotaur Berserker)     Turns: 1821, Time: 00:03:26

Health: -2/100     AC:  8    Str: 23    XL:     9   Next: 53%
Magic:  2/2        EV: 13    Int:  6    God:    Trog [*****.]
Gold:   22         SH:  0    Dex: 11    Spells: 8/8 levels left

rFire   . . .      SeeInvis .   q - +1 war axe (antimagic)
rCold   . . .      Faith    .   (no shield)
rNeg    . . .      Spirit   .   n - +0 scale mail
rPois   .          Reflect  .   (helmet restricted)
rElec   .          Harm     .   (no cloak)
rCorr   .          Rampage  .   (no gloves)
Will    .....      NoTele   +   (no boots)
Stlth   ..........              (no amulet)
HPRegen 0.26/turn               (no ring)
MPRegen 0.08/turn               (no ring)

@: lethally poisoned (-2 -> -40)
A: horns 2, retaliatory headbutt, talons 1, sense surroundings 1
a: Renounce Religion, Berserk, Trog's Hand, Brothers in Arms


You were in the Dungeon.
You worshipped Trog.
Trog was extremely pleased with you.
You visited 1 branch You collected 22 gold pieces.

Inventory:

Hand Weapons
 a - a +0 hand axe
 o - a +0 long sword of holy wrath
 q - a +1 antimagic war axe (weapon)
Missiles
 i - 4 poisoned darts (quivered)
Armour
 b - a +0 animal skin
 n - a +0 scale mail (worn)
Scrolls
 j - a scroll of holy word {unknown}
 k - 3 scrolls of identify
 m - a scroll of immolation {unknown}
Potions
 c - 2 potions of curing
 d - a potion of heal wounds
 e - 2 potions of haste
 f - 2 potions of magic
 g - a potion of berserk rage
 l - 3 potions of flight
Miscellaneous
 p - a phantom mirror


   Skills:
 + Level 16.1 Fighting
 + Level 16.2 Axes
 + Level 9.7 Armour
 + Level 9.6 Dodging
 + Level 1.3 Stealth


You had 8 spell levels left.
You didn't know any spells.
Your spell library was empty.

Dungeon Overview and Level Annotations

Branches:
Dungeon (1/1)

Altars:
Cheibriados
Dithmenos
Elyvilon
Fedhas
Gozag
Hepliaklqana
Kikubaaqudgha
Makhleb
Nemelex Xobeh
Okawaru
Qazlal
Ru
Sif Muna
Trog
Uskayaw
Vehumet
Wu Jian
Xom
Yredelemnul
Zin
The Shining One
Beogh
Jiyva
Lugonu


Innate Abilities, Weirdness & Mutations

You have a pair of horns on your head.
You reflexively headbutt those who attack you in melee.
You have sharp toenails.
You passively map a small area around you.


Message History

The killer bee stings you.
* * * LOW HITPOINT WARNING * * *
You are more poisoned.
The killer bee poisons you!
The killer bee fails to trigger a net trap.
The killer bee stings you but does no damage. x2
A killer bee comes into view.
The killer bee closely misses you. The killer bee misses you.
You miss the killer bee.
The killer bee buzzes angrily.
You claw the killer bee.
The killer bee is severely wounded.
You closely miss the killer bee. You slash the killer bee!
You kill the killer bee!
Trog accepts your kill.
You slice the killer bee!!
You kill the killer bee!
Trog accepts your kill.
You hit the killer bee.
* * * LOW HITPOINT WARNING * * *
You feel extremely sick.
You hear an angry buzzing noise. x3
The killer bee closely misses you. x2; You furiously retaliate!
You headbutt the killer bee!
You kill the killer bee!
Trog accepts your kill. Trog grants you a weapon!
Something appears at your feet!
You see here a +1 vorpal battleaxe.
The killer bee closely misses you.
The killer bee fails to trigger a net trap.
The killer bee stings you.
* * * LOW HITPOINT WARNING * * *
The killer bee completely misses you. You furiously retaliate!
You headbutt the killer bee!
The killer bee stings you but does no damage.
The killer bee fails to trigger a net trap.
Blink to where?
Press: ? - help, Dir - move target
As you read the scroll of blinking, it crumbles to dust.
You die...

#._# ,, ,,, , ≈≈ #)##, , , * *,
≈ ,, , ...#, , , ≈≈ * ...# ∩, ,
,, ,, ##'#, * * * *
...#+###########################
...#....#.#.#.....#..y..yy.y.≈≈#
...##.#..#.##.###.#...y.^#.y.≈≈#
...'##.#.#.##)#.@##yy...^# .y≈y≈
...#.).#..#..##.)y§yy....#, y≈≈≈
▓▓▓▓▓▓▓▓▓▓▓▓▓▓▓▓▓#yyy..^.#, ,yy.
, ≈ #.y..^..# yy ≈ +..^..^.# , y
,#.......#* * ##+###### * * * ,
, * , ≈ ≈


You could see 7 killer bees.

Vanquished Creatures
  Erolcha (D)
  A deep elf pyromancer (D)
  A shadow (D)
  2 redbacks (D)
  A spatial vortex (D)
  A necrophage (D)
  5 two-headed ogres (D)
  A water elemental (D)
  3 killer bees (D)
  A jelly (D)
  Jessica (D)
  A wizard (D)
  A necromancer (D)
  3 humans (D)
  A kobold demonologist (D)
  A wolf (D)
  2 endoplasms (D)
  A rat (D)
28 creatures vanquished.

Notes
Turn   | Place    | Note
-------+----------+-------------------------------------------
     0 | D        | boopmooplesden the Minotaur Berserker began the quest for
                  | the Orb.
     0 | D        | Reached XP level 1. HP: 19/19 MP: 0/0
   262 | D        | Noticed Jessica
   271 | D        | Killed Jessica
   271 | D        | Reached ** piety under Trog
   272 | D        | Reached skill level 5 in Fighting
   272 | D        | Reached skill level 5 in Axes
   272 | D        | Reached XP level 2. HP: 30/30 MP: 1/1
   272 | D        | Reached XP level 3. HP: 37/37 MP: 2/2
   411 | D        | Gained mutation: Your flesh is cold resistant. (rC+)
                  | [potion of mutation]
   411 | D        | Gained mutation: You tend to lose your temper in combat.
                  | [potion of mutation]
   411 | D        | Gained mutation: You are covered in fur. (AC +1) [potion of
                  | mutation]
   411 | D        | Gained mutation: Your flesh is very cold resistant. (rC++)
                  | [potion of mutation]
   412 | D        | Lost mutation: You tend to lose your temper in combat.
                  | [potion of mutation]
   412 | D        | Lost mutation: Your flesh is very cold resistant. (rC++)
                  | [potion of mutation]
   412 | D        | Gained mutation: You have hidden genetic potential. [potion
                  | of mutation]
   412 | D        | Gained mutation: Potions are less effective at restoring
                  | your health. [potion of mutation]
   412 | D        | Lost mutation: You are covered in fur. (AC +1) [potion of
                  | mutation]
   413 | D        | Lost mutation: You have hidden genetic potential. [potion
                  | of mutation]
   413 | D        | Lost mutation: Potions are less effective at restoring your
                  | health. [potion of mutation]
   413 | D        | Lost mutation: Your flesh is cold resistant. (rC+) [potion
                  | of mutation]
   413 | D        | Gained mutation: You are somewhat resistant to further
                  | mutation. [potion of mutation]
   414 | D        | Lost mutation: You are somewhat resistant to further
                  | mutation. [potion of mutation]
   414 | D        | Gained mutation: You occasionally shout uncontrollably at
                  | your foes. [potion of mutation]
   415 | D        | Lost mutation: You occasionally shout uncontrollably at
                  | your foes. [potion of mutation]
   415 | D        | Gained mutation: You have sharp toenails. [potion of
                  | mutation]
   415 | D        | Gained mutation: You passively map a small area around you.
                  | [potion of mutation]
   450 | D        | Noticed a water elemental
   452 | D        | Killed a water elemental
   452 | D        | Reached *** piety under Trog
   453 | D        | Reached XP level 4. HP: 48/48 MP: 3/3
   499 | D        | Found a basalt altar of Yredelemnul.
   499 | D        | Found a shadowy altar of Dithmenos.
   499 | D        | Found a sacrificial altar of Ru.
   499 | D        | Noticed a necrophage
   502 | D        | Killed a necrophage
   503 | D        | Reached XP level 5. HP: 30/57 MP: 4/4
   504 | D        | Reached skill level 5 in Armour
   504 | D        | Reached skill level 5 in Dodging
   685 | D        | Found a hide-covered altar of Uskayaw.
   685 | D        | Found an iron altar of Okawaru.
   687 | D        | Found a bloodstained altar of Trog.
   687 | D        | Found an ornate altar of the Wu Jian Council.
   687 | D        | Noticed a human
   687 | D        | Noticed a human
   691 | D        | Killed a human
   691 | D        | Reached **** piety under Trog
   692 | D        | Reached skill level 10 in Fighting
   692 | D        | Reached skill level 10 in Axes
   692 | D        | Reached XP level 6. HP: 65/67 MP: 5/5
   693 | D        | Killed a human
   888 | D        | Found a glowing silver altar of Zin.
   888 | D        | Found a glowing golden altar of the Shining One.
   888 | D        | Found a white marble altar of Elyvilon.
   888 | D        | Noticed a deep elf pyromancer
   891 | D        | Killed a deep elf pyromancer
   892 | D        | Reached XP level 7. HP: 78/78 MP: 6/6
   931 | D        | Found a radiant altar of Vehumet.
   931 | D        | Found a shimmering blue altar of Sif Muna.
   931 | D        | Found an ancient bone altar of Kikubaaqudgha.
   934 | D        | Reached ***** piety under Trog
   980 | D        | Noticed a shadow
   989 | D        | Killed a shadow
   990 | D        | Reached XP level 8. HP: 44/86 MP: 7/7
  1165 | D        | Found a blossoming altar of Fedhas.
  1165 | D        | Found a stormy altar of Qazlal.
  1166 | D        | Found a snail-covered altar of Cheibriados.
  1166 | D        | Found a burning altar of Makhleb.
  1166 | D        | Found a hazy altar of Hepliaklqana.
  1166 | D        | Found a shimmering altar of Xom.
  1166 | D        | Found an opulent altar of Gozag.
  1166 | D        | Found a sparkling altar of Nemelex Xobeh.
  1166 | D        | Found a corrupted altar of Lugonu.
  1166 | D        | Found a viscous altar of Jiyva.
  1251 | D        | Received a gift from Trog
  1261 | D        | Reached skill level 1 in Stealth
  1311 | D        | Noticed a two-headed ogre
  1317 | D        | Killed a two-headed ogre
  1467 | D        | Noticed a two-headed ogre
  1467 | D        | Noticed Erolcha
  1475 | D        | Killed Erolcha
  1476 | D        | Reached skill level 15 in Fighting
  1476 | D        | Reached skill level 15 in Axes
  1476 | D        | Reached XP level 9. HP: 97/97 MP: 2/8
  1479 | D        | Killed a two-headed ogre
  1809 | D        | Noticed a queen bee
  1820 | D        | Received a gift from Trog
  1820 | D        | HP: 5/100 [killer bee (1)]
  1821 | D        | Succumbed to a killer bee's poison

Illustrated notes

Levels and vault maps discovered:
D:        dungeon_sprint_mu [sprint_mu_entry_cave, sprint_mu_temple_rooms,
          sprint_mu_d1_spiders, sprint_mu_d2_genie, sprint_mu_d3_branching,
          sprint_mu_orc_legion, sprint_mu_elf_gauntlet, sprint_mu_hive_nellie,
          sprint_mu_lair_fedhas, sprint_mu_vaults_butterflies,
          sprint_mu_slime_circle, sprint_mu_swamp_cave, sprint_mu_shoals_archi,
          sprint_mu_blade_basic, sprint_mu_crypt_lich, sprint_mu_tomb_spiral,
          sprint_mu_vestibule_basic, sprint_mu_gehenna_hellfire,
          sprint_mu_dis_giant, sprint_mu_tartarus_statrot,
          sprint_mu_cocytus_islands, sprint_mu_zot1]

Skill      XL: |  1  2  3  4  5  6  7  8  9 |
---------------+----------------------------+-----
Fighting       | 5 8 9 10 12 13 15 16 | 16.1
Axes           | 5 7 9 10 13 15 16 | 16.2
Armour         | 3 4 5 7 9 |  9.7
Dodging        | 3 4 5 7 9 |  9.6
Stealth        | 1 |  1.3

Action                   |  1- 3 |  4- 6 |  7- 9 || total
-------------------------+-------+-------+-------++-------
Melee: Hand axe          |    19 |    10 |    26 ||    55
       Kick              |     1 |     6 |    16 ||    23
       Headbutt          |     1 |     3 |    11 ||    15
       Punch             |     1 |       |     1 ||     2
       War axe           |       |       |    19 ||    19
Invok: Berserk           |     3 |     3 |     3 ||     9
  Use: Potion            |     5 |       |       ||     5
       Scroll            |       |       |     1 ||     1
Armor: Animal skin       |     3 |       |       ||     3
       Scale mail        |       |       |    15 ||    15
Dodge: Dodged            |     7 |     5 |    42 ||    54
